 Dungeon Crawl Stone Soup version 0.31-a0-836-g3ceb0a68c4 (webtiles) character file.

Game seed: 3585000471402077755

306 kae the Changeling (level 6, -1/47 HPs)
             Began as a Draconian Shapeshifter on Sept 26, 2023.
             Slain by a gnoll
             ... wielding a +0 club
              (2 damage)
             ... on level 3 of the Dungeon.
             The game lasted 00:02:21 (2934 turns).

kae the Changeling (Draconian Shapeshifter)         Turns: 2934, Time: 00:02:21

Health: -1/47      AC:  6    Str: 16    XL:     6   Next: 16%
Magic:  6/6        EV: 17    Int: 16    God:
Gold:   85         SH:  0    Dex: 13    Spells: 5/5 levels left

rFire   . .          .
                       - Unarmed
rCold   . . .        (no shield)
rNeg    . . .        (body armour unavailable)
rPois   .            (helmet currently unavailable)
rElec   .            (cloak currently unavailable)
rCorr   .            (gloves currently unavailable)
SInv    .            (boots currently unavailable)
Will    .....        (no amulet)
Stlth   +            I - +6 ring of intelligence
HPRegen 0.27/turn    E - +5 ring of evasion
MPRegen 0.10/turn

%: no passive effects
@: beast-form
A: beast (slay +3), AC +6, unfitting armour, cold-blooded
a: Begin Untransformation


You were on level 3 of the Dungeon.
You were a hulking beast.
You visited 1 branch of the dungeon, and saw 3 of its levels.

You collected 85 gold pieces.


Innate Abilities, Weirdness & Mutations

You are a hulking beast.
Your limbs bulge with bestial killing power. (Slay +3)
Your plain brown scales are hard. (AC +6)
You cannot fit into any form of body armour.
You are cold-blooded and may be slowed by cold attacks.


   Skills:
 - Level 1.1 Fighting
 - Level 1.7 Dodging
 + Level 4.6 Unarmed Combat
 * Level 5.5 Shapeshifting


You had 5 spell levels left.
You didn't know any spells.
Your spell library contained the following spells:

 Spells                   Type           Power      Damage    Failure   Level
 Call Canine Familiar     Summ           0%         N/A       58%         3
 Sigil of Binding         Hex            0%         N/A       58%         3
 Dimensional Bullseye     Hex/Tloc       0%         N/A       94%         4
 Leda's Liquefaction      Hex/Erth       0%         N/A       94%         4

Inventory:

Missiles
 e - 6 darts of dispersal {=f!f}
 j - 47 stones
 k - 6 poisoned darts
 m - 10 boomerangs
 u - a curare-tipped dart {=f}
Armour
 l - a +1 cloak
   (You found it on level 3 of the Dungeon)
Jewellery
 i - a +6 ring of intelligence
   (You found it on level 2 of the Dungeon)
 E - a +5 ring of evasion (right hand)
   (You found it on level 2 of the Dungeon)
 I - a +6 ring of intelligence (left hand)
   (You found it on level 1 of the Dungeon)
 Z - a ring of wizardry
   (You found it on level 2 of the Dungeon)
Talismans
 b - a beast talisman (active)
 c - a flux talisman
Scrolls
 d - a scroll of teleportation {@r4}
 n - 2 scrolls of identify {@r1}
 o - a scroll of poison {unknown}
 q - a scroll of immolation {unknown}
 r - a scroll of enchant weapon {unknown}
 s - a scroll of noise {unknown}
 t - a scroll of brand weapon
Potions
 a - a potion of lignification {!q}
 g - a potion of magic
 h - a potion of berserk rage {!q}
 p - a potion of degeneration {unknown}

Dungeon Overview and Level Annotations

Branches:
Dungeon (3/15) Zot: 15075

Altars:

####### ######## #.....##
##......# +......###.......#
##.......#....(.h)##'
.........#......)g)..#
.........'...........#
.........#...........#
##.......#........##+#
+......###.......# #.....##
##......# #≈≈≈≈≈≈≈#
################### #≈≈≈≈≈≈≈#
≈≈≈≈≈≈≈≈≈≈≈≈≈≈≈≈≈≈#####≈≈≈≈≈≈≈#


You could see a gnoll.


Message History

The gnoll closely misses you.
The gnoll hits you with a +0 club. 😮 HP[-3]
You take 3 damage, and now have 32/47 hp.
You hit the gnoll. You tail-slap the gnoll. The kobold misses you.
The gnoll barely misses you.
The gnoll hits you with a +0 club. 😮 HP[-2]
You take 2 damage, and now have 30/47 hp.
Unknown command.
You closely miss the gnoll. You punch the gnoll!
You kill the gnoll!
The gnoll hits you with a +0 club.
The kobold throws a stone.
The stone barely misses you.
The kobold throws a stone.
The stone barely misses you. 😮 HP[-5]
You take 5 damage, and now have 25/47 hp.
Unknown command.
You punch the gnoll!
A gnoll comes into view. It is wielding a +0 whip.
The kobold hits you but does no damage. The gnoll misses you.
The kobold throws a stone.
The stone completely misses you.
You hit the gnoll.
Your tail-slap misses the gnoll.
You punch the gnoll.
You kill the gnoll!
The kobold hits you but does no damage. The kobold closely misses you.
The gnoll barely misses you.
A hobgoblin comes into view.
The kobold attacks as it pursues you! The kobold barely misses you.
The kobold completely misses you. The kobold misses you.
Items here: ! $ ) †.
You hit the gnoll. Your punch misses the gnoll. The gnoll misses you.
The kobold hits you but does no damage. The kobold closely misses you.
The kobold hits you but does no damage. 😮 HP[+1]
You punch the gnoll! You tail-slap the gnoll.
You kill the gnoll!
A kobold comes into view.
It is wielding a +0 short sword and quivering poisoned darts.
The kobold closely misses you. x2; The kobold hits you but does no damage.
You closely miss the kobold.
Your tail-slap misses the kobold.
The hobgoblin closely misses you. The kobold hits you with a +0 whip.
* * * LOW HITPOINT WARNING * * *
The kobold hits you but does no damage. The kobold misses you. 😨 HP[-3]
You take 3 damage, and now have 23/47 hp.
Unknown command.
You miss the kobold. The hobgoblin hits you.
* * * LOW HITPOINT WARNING * * *
The kobold hits you but does no damage. The kobold hits you with a +0 dagger.
* * * LOW HITPOINT WARNING * * *
The kobold misses you. 😨 HP[-3]
You take 3 damage, and now have 20/47 hp.
You hit the kobold.
Your tail-slap misses the kobold.
The hobgoblin closely misses you. The kobold closely misses you.
The kobold misses you.
The kobold completely misses you. 😨 HP[+1]
You punch the kobold!
You kill the kobold!
The hobgoblin closely misses you. The kobold closely misses you.
You hit the kobold.
You kill the kobold!
The hobgoblin hits you but does no damage.
The kobold hits you with a +0 dagger.
* * * LOW HITPOINT WARNING * * *
😨 HP[-2]
You take 2 damage, and now have 19/47 hp.
The kobold closely misses you.
The hobgoblin attacks as it pursues you!
The hobgoblin closely misses you. The kobold closely misses you.
Items here: $ ( )) ††.
You closely miss the hobgoblin. You tail-slap the hobgoblin.
A gnoll comes into view. It is wielding a +0 club.
The kobold closely misses you. The hobgoblin misses you.
The kobold completely misses you. 😨 HP[+1]
You punch the kobold!
You kill the kobold!
The kobold completely misses you.
The hobgoblin hits you but does no damage.
You hit the kobold.
You kill the kobold!
You closely miss the hobgoblin. The hobgoblin hits you.
* * * LOW HITPOINT WARNING * * *
😨 HP[-4]
You take 4 damage, and now have 16/47 hp.
You barely miss the hobgoblin. You tail-slap the hobgoblin.
You kill the hobgoblin!
The gnoll barely misses you. 😨 HP[+1]
You hit the gnoll.
Your tail-slap misses the gnoll.
The gnoll hits you with a +0 club!
* * * LOW HITPOINT WARNING * * *
😱 HP[-8]
You take 8 damage, and now have 9/47 hp.
You closely miss the gnoll. The gnoll hits you with a +0 club!
* * * LOW HITPOINT WARNING * * *
😱 HP[-8]
You take 8 damage, and now have 1/47 hp.
You barely miss the gnoll.
Your tail-slap misses the gnoll.
The gnoll hits you with a +0 club.
You die...

Skill      XL: |  1  2  3  4  5 |
---------------+----------------+-----
Shapeshifting  | 4 5 |  5.5
Unarmed Combat | 4 |  4.6
Fighting       | |  1.1
Dodging        | |  1.7

Action                     |  1- 3 |  4- 6 || total
---------------------------+-------+-------++-------
  Melee: Unarmed           |   117 |   133 ||   250
         Tailslap          |    12 |    18 ||    30
         Punch             |     3 |     6 ||     9
    Use: Scroll            |     7 |       ||     7
         Potion            |       |     2 ||     2
   Stab: Sleeping          |     3 |       ||     3
 Armour: Skin              |    49 |    82 ||   131
  Dodge: Dodged            |    77 |   154 ||   231

Levels and vault maps discovered:
D:1:      dpeg_arrival_boxes_within_box, layout_loops_ring,
          minmay_misc_feat_five
D:2:      layout_basic
D:3:      minmay_goblin_kobold_castle, layout_basic, uniq_terence

Notes
Turn   | Place    | Note
-------+----------+-------------------------------------------
     0 | D:1      | kae the Draconian Shapeshifter began the quest for the Orb.
     0 | D:1      | Reached XP level 1. HP: 16/16 MP: 1/1
     0 | D:1      | magus.rc [v1.11.3]
   355 | D:1      | Reached XP level 2. HP: 15/23 MP: 2/2
  1004 | D:2      | You pick up a book of the Hunter and begin reading...
  1004 | D:2      | You add the spells Sigil of Binding, Call Canine Familiar,
                  | Dimensional Bullseye and Leda's Liquefaction to your
                  | library.
  1023 | D:2      | Reached XP level 3. HP: 28/28 MP: 3/3
  1673 | D:3      | Noticed Terence
  1695 | D:3      | Killed Terence
  1696 | D:3      | Reached skill level 4 in Shapeshifting
  1696 | D:3      | Reached XP level 4. HP: 27/35 MP: 4/4
  2473 | D:3      | Reached skill level 4 in Unarmed Combat
  2584 | D:3      | Noticed a kobold brigand
  2589 | D:3      | Reached XP level 5. HP: 40/40 MP: 5/5
  2596 | D:3      | Reached skill level 5 in Shapeshifting
  2706 | D:3      | HP: 8/40 [gnoll/+0 spear (4)]
  2708 | D:3      | HP: 1/40 [gnoll/+0 spear (6)]
  2855 | D:3      | Reached XP level 6. HP: 39/47 MP: 6/6
  2932 | D:3      | HP: 9/47 [gnoll/+0 club (8)]
  2933 | D:3      | HP: 1/47 [gnoll/+0 club (8)]
  2934 | D:3      | Slain by a gnoll

Vanquished Creatures
  A kobold brigand (D:3)
  Terence (D:3)
  11 gnolls (D:3)
  An adder (D:2)
  2 worms (D:2)
  4 orcs (D:3)
  7 ball pythons
  7 bats
  2 endoplasms
  5 hobgoblins
  2 quokkas
  2 frilled lizards
  7 goblins
  37 kobolds
  4 rats
93 creatures vanquished.

Table legend:
 A = Non-vault XP
 B = Vault XP
 C = Vault XP percentage of total XP
 D = Non-vault monster count
 E = Vault monster count
 F = Vault count percentage of total count
                 A         B        C        D         E       F
            +---------+---------+-------+---------+---------+-------
      Total |      92 |     346 |  79.0 |      45 |      48 |  51.6
            +---------+---------+-------+---------+---------+-------
        D:1 |      21 |       0 |   0.0 |      14 |       0 |   0.0
        D:2 |      46 |       0 |   0.0 |      18 |       0 |   0.0
        D:3 |      25 |     346 |  93.3 |      13 |      48 |  78.7
            +---------+---------+-------+---------+---------+-------

Skill      XL: |  1  2  3  4  5 |
---------------+----------------+-----
Shapeshifting  | 4 5 |  5.5
Unarmed Combat | 4 |  4.6
Fighting       | |  1.1
Dodging        | |  1.7

Action                     |  1- 3 |  4- 6 || total
---------------------------+-------+-------++-------
  Melee: Unarmed           |   117 |   133 ||   250
         Tailslap          |    12 |    18 ||    30
         Punch             |     3 |     6 ||     9
    Use: Scroll            |     7 |       ||     7
         Potion            |       |     2 ||     2
   Stab: Sleeping          |     3 |       ||     3
 Armour: Skin              |    49 |    82 ||   131
  Dodge: Dodged            |    77 |   154 ||   231

Illustrated notes

Table legend:
 A = Kills in this place as a percentage of kills in the entire game.
 B = Kills by you in this place as a percentage of kills by you in the entire game.
 C = Kills by friends in this place as a percentage of kills by friends in the entire game.
 D = Other kills in this place as a percentage of other kills in the entire game.
 E = Experience gained in this place as a percentage of experience gained in the entire game.
 F = Experience gained in this place divided by the number of levels of this place that you have seen.
                   A       B       C       D       E      F
               +-------+-------+-------+-------+-------+----------------------
         Total | 100.0 | 100.0 |   N/A |   N/A | 100.0 | 146.0
       Dungeon | 100.0 | 100.0 |   N/A |   N/A | 100.0 | 146.0
               +-------+-------+-------+-------+-------+----------------------

Table legend: (Time is in decaauts)
 A = Elapsed time spent in this place.
 B = Non-inter-level travel time spent in this place.
 C = Inter-level travel time spent in this place.
 D = Time resting spent in this place.
 E = Time spent auto-exploring this place.
 F = Levels seen in this place.
 G = Mean time per level.
                   A        B        C        D        E       F      G
               +--------+--------+--------+--------+--------+-----+--------+
         Total |   2923 |   2853 |     70 |    138 |   2185 |   3 |  974.3 |
       Dungeon |   2923 |   2853 |     70 |    138 |   2185 |   3 |  974.3 |
               +--------+--------+--------+--------+--------+-----+--------+

Top non-repeatable levels by time:
     D:3: 1281 daAuts
     D:2: 908 daAuts
     D:1: 733 daAuts
